 Dungeon Crawl Stone Soup version 0.31-a0-216-g22e908daa7 (webtiles) character file.

Game seed: 9447414470796491485

117 qw the Shield-Bearer (level 5, -7/32 HPs)
             Began as a Gargoyle Fighter on July 1, 2023.
             Killed by divine providence
             ... invoked by an orc priest
              (10 damage)
             ... on level 3 of the Dungeon.
             The game lasted 00:01:02 (1749 turns).

qw the Shield-Bearer (Gargoyle Fighter)             Turns: 1749, Time: 00:01:03

Health: -7/32      AC: 10    Str: 21    XL:     5   Next: 1%
Magic:  5/5        EV:  6    Int: 11    God:
Gold:   40         SH: 12    Dex:  9    Spells: 4/4 levels left

rFire   + . .        Y - +0 war axe
rCold   . . .        g - +0 tower shield
rNeg    + + .        b - +0 scale mail
rPois   inf          (no helmet)
rElec   +            (no cloak)
rCorr   .            (no gloves)
SInv    .            (no boots)
Will    .....        (no amulet) Stlth
                     a - ring "Weplopn Xufu" {Fly rElec rF+ rN+ Int+2}
HPRegen 0.25/turn    (no ring)
MPRegen 0.09/turn

%: no passive effects
@: flying
A: sickness immunity, AC +4, negative energy resistance 1, electricity
resistance, torment resistance 1, petrification resistance
a: no special abilities


You were on level 3 of the Dungeon.
You visited 1 branch of the dungeon, and saw 3 of its levels.

You collected 40 gold pieces.


Innate Abilities, Weirdness & Mutations

You are immune to sickness and miasma.
Your stone body is resilient. (AC +4)
You are immune to poison.
You resist negative energy. (rN+)
You are resistant to electric shocks. (rElec)
You are resistant to unholy torment.
You are immune to petrification.


   Skills:
 - Level 3.2 Fighting
 - Level 3.5 Axes
 - Level 3.2 Armour
 + Level 4.8 Shields


You had 4 spell levels left.
You didn't know any spells.
Your spell library was empty.

Inventory:

Hand Weapons
 f - a +0 flail
 Y - a +0 war axe (weapon)
Armour
 b - a +0 scale mail (worn)
 g - a +0 tower shield (worn)
Jewellery
 a - the ring "Weplopn Xufu" (left hand) {Fly rElec rF+ rN+ Int+2}
   (You acquired it on level 2 of the Dungeon)

   [ring of protection from fire]

   Int:       It affects your intelligence (+2).
   rF:        It protects you from fire.
   rElec:     It insulates you from electricity.
   rN:        It protects you from negative energy.
   Fly:       It grants you flight.
 e - a ring of ice
Scrolls
 h - a scroll of identify {unknown}
Potions
 c - a potion of magic {unknown}
 d - a potion of might
 i - a potion of berserk rage {unknown}
 j - a potion of cancellation {unknown}

Dungeon Overview and Level Annotations

Branches:
Dungeon (3/15)

Altars:
Qazlal


Message History

You have reached level 5! 2 orc priests and an orc come into view.
The orc priest shouts!
The orc priest invokes the aid of Beogh against you.
You barely resist.
The orc moves out of view.
An orc comes into view. It is wielding a +0 falchion.
Enter note:
Enter note:
1741 ||| Stepping ~*~*~tactically~*~*~ (hiding).
The orc moves out of view.
You start waiting.
An orc priest is nearby!
The orc priest casts a cantrip, but nothing happens.
You hit the orc priest.
The orc priest is lightly wounded.
You closely miss the orc. You hit the orc.
The orc is moderately wounded.
The orc hits you with a +0 falchion.
You hit the orc.
The orc is severely wounded.
You closely miss the orc priest. You block the orc priest's attack.
The orc priest invokes the aid of Beogh against you.
Beogh smites you! You block the orc's attack.
The orc priest calls down the wrath of Beogh upon you.
Beogh smites you! The orc hits you but does no damage.
The orc hits you from afar with a +0 trident.
You closely miss the orc.
The orc is severely wounded.
You completely miss the orc priest. You block the orc's attack.
The orc barely misses you.
The orc priest casts a cantrip, but nothing happens.
You hit the orc.
You kill the orc!
You closely miss the orc priest. The orc hits you but does no damage.
The orc priest barely misses you.
The orc priest invokes the aid of Beogh against you.
Beogh smites you!
You die...

# #.#####.#
#.ooo)#.##.#
#@.....# #.#.####
##########.#.#####
#.................
#.########.#######
#.# #.# #.# #.#
#.# #.# #.# #.#


You could see 2 orc priests and an orc.

Vanquished Creatures
  4 gnolls
  An adder (D:3)
  2 worms
  4 dart slugs
  An orc (D:3)
  6 ball pythons
  7 endoplasms
  A giant cockroach (D:3)
  7 goblins
  3 hobgoblins (D:1)
  4 jackals (D:2)
  2 quokkas
  3 bats (D:1)
  2 frilled lizards
  4 kobolds
  2 rats
53 creatures vanquished.

Notes
Turn   | Place    | Note
-------+----------+-------------------------------------------
     0 | D:1      | qw the Gargoyle Fighter began the quest for the Orb.
     0 | D:1      | Reached XP level 1. HP: 14/14 MP: 1/1
     0 | D:1      | 0 ||| qw: Version: 0.3-a-35-g05ef00e
     0 | D:1      | 0 ||| qw: Game counter: 7768
     0 | D:1      | 0 ||| qw: Melee chars always use a shield: true
     0 | D:1      | 0 ||| qw: God list: Okawaru
     0 | D:1      | 0 ||| qw: Allow faded altars: false
     0 | D:1      | 0 ||| qw: Do Orc after clearing Dungeon:15 true
     0 | D:1      | 0 ||| qw: Do second Lair branch before Depths: true
     0 | D:1      | 0 ||| qw: Lair rune preference: random
     0 | D:1      | 0 ||| qw: Goals: Normal, Zot:1-4, Slime:5, God:TSO, Crypt,
                  | Tomb, Abyss, Pan, Hells, Win
     0 | D:1      | 0 ||| PLANNING D:1-11
    34 | D:1      | 34 ||| FLEEEEING.
   140 | D:1      | Reached XP level 2. HP: 19/19 MP: 2/2
   191 | D:1      | 191 ||| Stepping ~*~*~tactically~*~*~ (stealth).
   227 | D:1      | 227 ||| Stepping ~*~*~tactically~*~*~ (hiding).
   341 | D:1      | Reached skill level 3 in Axes
   346 | D:1      | Reached XP level 3. HP: 18/23 MP: 3/3
   426 | D:1      | 426 ||| Stepping ~*~*~tactically~*~*~ (hiding).
   437 | D:1      | 437 ||| FLEEEEING.
   438 | D:1      | 438 ||| FLEEEEING.
   439 | D:1      | 439 ||| FLEEEEING.
   440 | D:1      | 440 ||| FLEEEEING.
   441 | D:1      | 441 ||| FLEEEEING.
   442 | D:1      | 442 ||| FLEEEEING.
   443 | D:1      | 443 ||| FLEEEEING.
   444 | D:1      | 444 ||| FLEEEEING.
   445 | D:1      | 445 ||| FLEEEEING.
   446 | D:1      | 446 ||| FLEEEEING.
   447 | D:1      | 447 ||| FLEEEEING.
   448 | D:1      | 448 ||| FLEEEEING.
   449 | D:1      | 449 ||| FLEEEEING.
   450 | D:1      | 450 ||| FLEEEEING.
   451 | D:1      | 451 ||| FLEEEEING.
   452 | D:1      | 452 ||| FLEEEEING.
   453 | D:1      | 453 ||| FLEEEEING.
   454 | D:1      | 454 ||| FLEEEEING.
   455 | D:1      | 455 ||| FLEEEEING.
   456 | D:1      | 456 ||| FLEEEEING.
   457 | D:1      | 457 ||| FLEEEEING.
   458 | D:1      | 458 ||| FLEEEEING.
   459 | D:1      | 459 ||| FLEEEEING.
   460 | D:1      | 460 ||| FLEEEEING.
   745 | D:1      | 745 ||| UPGRADING to +0 tower shield.
   755 | D:1      | 755 ||| DROPPING +0 buckler.
   819 | D:2      | 819 ||| FLEEEEING.
   821 | D:2      | 821 ||| STAIRDANCE
   847 | D:2      | 847 ||| Stepping ~*~*~tactically~*~*~ (stealth).
   869 | D:2      | 869 ||| Stepping ~*~*~tactically~*~*~ (stealth).
   875 | D:2      | 875 ||| Stepping ~*~*~tactically~*~*~ (stealth).
   931 | D:2      | Reached XP level 4. HP: 27/28 MP: 4/4
  1016 | D:2      | 1016 ||| Stepping ~*~*~tactically~*~*~ (hiding).
  1020 | D:2      | 1020 ||| Stepping ~*~*~tactically~*~*~ (hiding).
  1021 | D:2      | 1021 ||| Stepping ~*~*~tactically~*~*~ (hiding).
  1096 | D:2      | 1096 ||| Stepping ~*~*~tactically~*~*~ (stealth).
  1108 | D:2      | Reached skill level 4 in Shields
  1147 | D:2      | 1147 ||| DROPPING +0 club.
  1150 | D:2      | 1150 ||| DROPPING +0 whip.
  1476 | D:2      | 1476 ||| READING scroll labelled ATAAM YPHALL.
  1476 | D:2      | Identified a scroll of acquirement
  1476 | D:2      | 1476 ||| ACQUIRING ring "Weplopn Xufu" {Fly rElec rF+ rN+
                  | Int+2}
  1476 | D:2      | Acquired the ring "Weplopn Xufu" {Fly rElec rF+ rN+ Int+2}
  1478 | D:2      | 1478 ||| UPGRADING to ring "Weplopn Xufu" {Fly rElec rF+
                  | rN+ Int+2}.
  1543 | D:3      | Found a stormy altar of Qazlal.
  1731 | D:3      | Reached XP level 5. HP: 32/32 MP: 5/5
  1741 | D:3      | 1741 ||| Stepping ~*~*~tactically~*~*~ (hiding).
  1747 | D:3      | HP: 3/32 [orc priest/divine providence (13)]
  1749 | D:3      | Killed from afar by an orc priest

Levels and vault maps discovered:
D:1:      saegor_arrival_simple_c, layout_loops_ring
D:2:      layout_rooms, minmay_splitting_lines, hangedman_decor_lopped,
          dreamdust_wishing_well
D:3:      layout_loops_ring, nicolae_qazlal_eye_of_the_storm,
          grunt_gozag_breadcrumbs

Skill      XL: |  1  2  3  4 |
---------------+-------------+-----
Axes           | 2 3 |  3.5
Shields        | 4 |  4.8
Fighting       | |  3.2
Armour         | |  3.2

Action                     |  1- 3 |  4- 6 || total
---------------------------+-------+-------++-------
  Melee: War axe           |   107 |    51 ||   158
    Use: Scroll            |       |     1 ||     1
 Armour: Scale mail        |    52 |    12 ||    64
  Dodge: Dodged            |    30 |     8 ||    38
  Block: Buckler           |    12 |       ||    12
         Tower shield      |    24 |    30 ||    54

Table legend:
 A = Non-vault XP
 B = Vault XP
 C = Vault XP percentage of total XP
 D = Non-vault monster count
 E = Vault monster count
 F = Vault count percentage of total count
                 A         B        C        D         E       F
            +---------+---------+-------+---------+---------+-------
      Total |     171 |       0 |   0.0 |      53 |       0 |   0.0
            +---------+---------+-------+---------+---------+-------
        D:1 |      61 |       0 |   0.0 |      26 |       0 |   0.0
        D:2 |      79 |       0 |   0.0 |      18 |       0 |   0.0
        D:3 |      31 |       0 |   0.0 |       9 |       0 |   0.0
            +---------+---------+-------+---------+---------+-------
